AAA WEST
SACRAMENTO RIVER CATS @ LAS VEGAS AVIATORS
06/06/2042
 
TOP OF THE 1ST
Sacramento River Cats batting - Pitching for Las Vegas Aviators : RHP Cristián González
Pitching: RHP Cristián González
Batting: LHB Deron Ferrell 0-0: Fly out, F7 (Flyball, 7, EV 91.3 MPH)
Batting: RHB Dewitt Mathews 0-0: Called Strike
0-1: Ball
1-1: Ball
2-1: SOLO HOME RUN (Flyball, 9D, EV 98.8 MPH), Distance : 382 ft
Batting: LHB Jesús Rivera 0-0: Foul Ball, location: 5F
0-1: Ball
1-1: Ball
2-1: SINGLE (Groundball, 6MD, EV 97.5 MPH)
Batting: RHB Lou MacDonald 0-0: Called Strike
0-1: Ball
1-1: Fly out, F9 (Flyball, 9S, EV 98.8 MPH)
Batting: RHB Gavino Giardina 0-0: Ball
1-0: Ball
2-0: Ball
3-0: Foul Ball, location: 25FF
3-1: Fly out, F7 (Flyball, 7LS, EV 83.8 MPH)
Top of the 1st over - 1 run, 2 hits, 0 errors, 1 left on base; Sacramento 1 - Las Vegas 0
BOTTOM OF THE 1ST
Las Vegas Aviators batting - Pitching for Sacramento River Cats : RHP Héctor Palma
Pitching: RHP Héctor Palma
Batting: RHB Luis De La Cruz 0-0: Called Strike
0-1: Ball
1-1: Foul Ball, location: 2F
1-2: Ground out 4-3 (Groundball, 4, EV 100.6 MPH)
Batting: RHB Tim Ladner 0-0: Ball
1-0: Foul Ball, location: 2F
1-1: SINGLE (Groundball, 6M, EV 95.0 MPH) (infield hit)
Batting: LHB Dane Edgar 0-0: 2-RUN HOME RUN (Flyball, 89XD, EV 101.9 MPH), Distance : 400 ft
Batting: SHB Jimmy Beard 0-0: Ball
1-0: Foul Ball, location: 7LSF
1-1: Swinging Strike
1-2: Ball
2-2: Ground out 4-3 (Groundball, 4M, EV 86.3 MPH)
Batting: RHB Ernesto Peña 0-0: Ball
1-0: Foul Ball, location: 9LSF
1-1: Ball
2-1: Ball
3-1: Foul Ball, location: 2F
3-2: Base on Balls
Batting: LHB Doug Park 0-0: DOUBLE (Line Drive, 9LD, EV 104.4 MPH)
Ernesto Peña to third
Batting: RHB Chris Walker 0-0: Ball
1-0: Ball
2-0: Ball
3-0: Called Strike
3-1: Foul Ball, location: 23F
3-2: Foul Ball, location: 5F
3-2: Base on Balls
Batting: RHB Bert Gray 0-0: Ball
1-0: Foul Ball, location: 7LMFF
1-1: Ball
2-1: Foul Ball, location: 9LDF
2-2: Ground out 4-3 (Groundball, 34D, EV 96.3 MPH)
Bottom of the 1st over - 2 runs, 3 hits, 0 errors, 3 left on base; Sacramento 1 - Las Vegas 2
TOP OF THE 2ND
Sacramento River Cats batting - Pitching for Las Vegas Aviators : RHP Cristián González
Batting: RHB José Simmons 0-0: Called Strike
0-1: Foul Ball, location: 7LMFF
0-2: Ball
1-2: Strikes out looking
Batting: RHB Alfredo García 0-0: Ball
1-0: Ground out 6-3 (Groundball, 56, EV 83.8 MPH)
Batting: LHB Luis Manuel Valéncia 0-0: Called Strike
0-1: Foul Ball, location: 23F
0-2: Strikes out looking
Top of the 2nd over - 0 runs, 0 hits, 0 errors, 0 left on base; Sacramento 1 - Las Vegas 2
BOTTOM OF THE 2ND
Las Vegas Aviators batting - Pitching for Sacramento River Cats : RHP Héctor Palma
Batting: RHB Ed Brown 0-0: Called Strike
0-1: Ball
1-1: Ground out 6-3 (Groundball, 6, EV 86.9 MPH)
Batting: RHB Luis De La Cruz 0-0: Ball
1-0: TRIPLE (Flyball, 89XD, EV 97.5 MPH)
Batting: RHB Tim Ladner 0-0: Called Strike
0-1: Ball
1-1: Swinging Strike
1-2: Ball
2-2: Ball
3-2: Base on Balls
Batting: LHB Dane Edgar 0-0: Fly out, F8 (Flyball, 8RS, EV 74.4 MPH)
Batting: SHB Jimmy Beard 0-0: Ball
Tim Ladner steals 2nd base
1-0: Foul Ball, location: 2F
1-1: SINGLE (Line Drive, 8RS, EV 105.6 MPH)
Luis De La Cruz scores
Tim Ladner to third
Batting: RHB Ernesto Peña 0-0: Called Strike
0-1: Ball
1-1: Ball
2-1: Swinging Strike
2-2: Foul Ball, location: 9LSF
2-2: SINGLE (Groundball, 6MD, EV 96.3 MPH)
Tim Ladner scores
Jimmy Beard to second
Batting: LHB Doug Park 0-0: SINGLE (Groundball, 4S, EV 73.1 MPH) (infield hit)
Jimmy Beard to third
Ernesto Peña to second
Batting: RHB Chris Walker 0-0: Ground out 5-3 (Groundball, 56S, EV 86.9 MPH)
Bottom of the 2nd over - 2 runs, 4 hits, 0 errors, 3 left on base; Sacramento 1 - Las Vegas 4
TOP OF THE 3RD
Sacramento River Cats batting - Pitching for Las Vegas Aviators : RHP Cristián González
Batting: RHB Jim Unknown 0-0: SINGLE (Line Drive, 7LS, EV 87.5 MPH)
Batting: LHB Deron Ferrell 0-0: SINGLE (Line Drive, 7S, EV 97.5 MPH)
Jim Unknown to second
Batting: RHB Dewitt Mathews 0-0: Called Strike
0-1: SINGLE (Line Drive, 34, EV 110.6 MPH)
Jim Unknown to third
Deron Ferrell to second
Batting: LHB Jesús Rivera 0-0: Ball
1-0: GRAND SLAM HOME RUN (Flyball, 89XD, EV 106.3 MPH), Distance : 413 ft
Batting: RHB Lou MacDonald 0-0: Swinging Strike
0-1: Ball
1-1: Ball
2-1: Ball
3-1: Called Strike
3-2: Base on Balls
Batting: RHB Gavino Giardina 0-0: Called Strike
0-1: Ball
1-1: Ball
2-1: Called Strike
2-2: Strikes out swinging
Batting: RHB José Simmons 0-0: Called Strike
0-1: Ball
1-1: Swinging Strike
1-2: Ball
2-2: Ball
3-2: Foul Ball, location: 9LDF
3-2: 2-RUN HOME RUN (Flyball, 7D, EV 97.5 MPH), Distance : 373 ft
Batting: RHB Alfredo García 0-0: Ball
1-0: Ball
2-0: Fly out, F4 (Popup, 4MD, EV 71.3 MPH)
Batting: LHB Luis Manuel Valéncia 0-0: Called Strike
0-1: Ball
1-1: Called Strike
1-2: Foul Ball, location: 3F
1-2: Ball
2-2: Strikes out looking
Top of the 3rd over - 6 runs, 5 hits, 0 errors, 0 left on base; Sacramento 7 - Las Vegas 4
BOTTOM OF THE 3RD
Las Vegas Aviators batting - Pitching for Sacramento River Cats : RHP Héctor Palma
Batting: RHB Bert Gray 0-0: Called Strike
0-1: Ball
1-1: SINGLE (Groundball, 6MD, EV 104.4 MPH)
Pitching: LHP Kevin Simpson
Batting: RHB Ed Brown 0-0: DOUBLE (Line Drive, 7LM, EV 105.0 MPH)
Bert Gray to third
Batting: RHB Luis De La Cruz 0-0: Foul Ball, location: 9LMF
0-1: SINGLE (Flyball, 4MD, EV 90.6 MPH)
Bert Gray scores
Ed Brown to third
Batting: RHB Tim Ladner 0-0: Ball
1-0: Foul Ball, location: 2F
1-1: Swinging Strike
1-2: Strikes out swinging
Batting: LHB Dane Edgar 0-0: Ball
1-0: Ball
2-0: Called Strike
2-1: Called Strike
2-2: Strikes out swinging
Batting: SHB Jimmy Beard 0-0: Called Strike
0-1: Ball
1-1: Ball
2-1: Ball
3-1: Foul Ball, location: 2F
3-2: Base on Balls
Luis De La Cruz to second
Batting: RHB Ernesto Peña 0-0: Called Strike
0-1: Ball
1-1: Called Strike
1-2: Foul Ball, location: 3F
1-2: Ball
2-2: Fly out, F7 (Flyball, 7D, EV 78.8 MPH)
Bottom of the 3rd over - 1 run, 3 hits, 0 errors, 3 left on base; Sacramento 7 - Las Vegas 5
TOP OF THE 4TH
Sacramento River Cats batting - Pitching for Las Vegas Aviators : RHP Cristián González
Pitching: LHP Kevin Gibson
Batting: RHB Jim Unknown 0-0: Called Strike
0-1: Called Strike
0-2: Foul Ball, location: 2F
0-2: Ball
1-2: Fly out, F9 (Flyball, 9, EV 85.6 MPH)
Batting: LHB Deron Ferrell 0-0: Ball
1-0: Ground out 6-3 (Groundball, 6, EV 88.1 MPH)
Batting: RHB Dewitt Mathews 0-0: Ball
1-0: Foul Ball, location: 2F
1-1: Ground out 6-3 (Groundball, 6, EV 83.8 MPH)
Top of the 4th over - 0 runs, 0 hits, 0 errors, 0 left on base; Sacramento 7 - Las Vegas 5
BOTTOM OF THE 4TH
Las Vegas Aviators batting - Pitching for Sacramento River Cats : LHP Kevin Simpson
Batting: LHB Doug Park 0-0: Swinging Strike
0-1: Ball
1-1: Called Strike
1-2: Foul Ball, location: 2F
1-2: Foul Ball, location: 7LMF
1-2: Ball
2-2: Strikes out looking
Batting: RHB Chris Walker 0-0: Swinging Strike
0-1: Ball
1-1: Foul Ball, location: 3FF
1-2: Ground out 5-3 (Groundball, 56S, EV 86.3 MPH)
Batting: RHB Bert Gray 0-0: Ball
1-0: Ball
2-0: Swinging Strike
2-1: Foul Ball, location: 3FF
2-2: Ball
3-2: Base on Balls
Batting: RHB Ed Brown 0-0: Ball
1-0: Swinging Strike
1-1: Foul Ball, location: 23F
1-2: Foul Ball, location: 2F
1-2: Strikes out swinging
Bottom of the 4th over - 0 runs, 0 hits, 0 errors, 1 left on base; Sacramento 7 - Las Vegas 5
TOP OF THE 5TH
Sacramento River Cats batting - Pitching for Las Vegas Aviators : LHP Kevin Gibson
Batting: LHB Jesús Rivera 0-0: Called Strike
0-1: Foul Ball, location: 9LSF
0-2: Foul Ball, location: 2F
0-2: Fly out, F9 (Flyball, 9LM, EV 88.1 MPH)
Batting: RHB Lou MacDonald 0-0: Ball
1-0: Fly out, F4 (Popup, 34, EV 57.5 MPH)
Batting: RHB Gavino Giardina 0-0: Ball
1-0: Foul Ball, location: 2F
1-1: Fly out, F9 (Flyball, 9LD, EV 95.0 MPH)
Top of the 5th over - 0 runs, 0 hits, 0 errors, 0 left on base; Sacramento 7 - Las Vegas 5
BOTTOM OF THE 5TH
Las Vegas Aviators batting - Pitching for Sacramento River Cats : LHP Kevin Simpson
Batting: RHB Luis De La Cruz 0-0: Called Strike
0-1: Ball
1-1: Ball
2-1: Called Strike
2-2: Ball
3-2: Fly out, F3 (Popup, 3F, EV 63.1 MPH)
Batting: RHB Tim Ladner 0-0: Fly out, F8 (Flyball, 8LM, EV 93.1 MPH)
Batting: LHB Dane Edgar 0-0: Ball
1-0: Foul Ball, location: 7LSF
1-1: DOUBLE (Line Drive, 78D, EV 103.1 MPH)
Batting: SHB Jimmy Beard 0-0: Ball
1-0: Ball
2-0: Ball
3-0: Called Strike
3-1: Base on Balls
Batting: RHB Ernesto Peña 0-0: Ball
1-0: Ball
2-0: Called Strike
2-1: Ball
3-1: Base on Balls
Dane Edgar to third
Jimmy Beard to second
Batting: LHB Doug Park 0-0: Fly out, F9 (Flyball, 89M, EV 99.4 MPH)
Bottom of the 5th over - 0 runs, 1 hit, 0 errors, 3 left on base; Sacramento 7 - Las Vegas 5
TOP OF THE 6TH
Sacramento River Cats batting - Pitching for Las Vegas Aviators : LHP Kevin Gibson
Batting: RHB José Simmons 0-0: Ball
1-0: Ball
2-0: Ball
3-0: Base on Balls
Batting: RHB Alfredo García 0-0: Grounds into double play, 5-4-3 (Groundball, 56, EV 80.6 MPH)
Pinch Hitting: RHB Pancho Gallegos 0-0: Ball
1-0: Ball
2-0: Called Strike
2-1: Foul Ball, location: 2F
2-2: Strikes out swinging
Top of the 6th over - 0 runs, 0 hits, 0 errors, 0 left on base; Sacramento 7 - Las Vegas 5
BOTTOM OF THE 6TH
Las Vegas Aviators batting - Pitching for Sacramento River Cats : LHP Kevin Simpson
Now at 1B: Dewitt Mathews
Now at SS: Phil Jordan
Batting: RHB Chris Walker 0-0: Hit by Pitch
Batting: RHB Bert Gray 0-0: Ball
1-0: Ball
2-0: Bunted foul
2-1: SINGLE (Line Drive, 9S, EV 97.5 MPH)
Chris Walker to second
Batting: RHB Ed Brown 0-0: SINGLE (Groundball, 6MD, EV 106.3 MPH)
Chris Walker to third
Bert Gray to second
Batting: RHB Luis De La Cruz 0-0: Called Strike
0-1: Ball
1-1: Ball
2-1: Ball
3-1: Base on Balls
Chris Walker scores
Bert Gray to third
Ed Brown to second
Pitching: RHP Dusty James
Pinch Hitting: LHB António González 0-0: Ball
1-0: Ball
2-0: Ball
3-0: Base on Balls
Bert Gray scores
Ed Brown to third
Luis De La Cruz to second
Batting: LHB Dane Edgar 0-0: Ball
1-0: GRAND SLAM HOME RUN (Flyball, 9LD, EV 92.5 MPH), Distance : 337 ft
Batting: SHB Jimmy Beard 0-0: Swinging Strike
0-1: Swinging Strike
0-2: Foul Ball, location: 3F
0-2: Ball
1-2: SINGLE (Line Drive, 4M, EV 95.6 MPH)
Batting: RHB Ernesto Peña 0-0: Called Strike
0-1: Foul Ball, location: 2F
0-2: Foul Ball, location: 5F
0-2: SINGLE (Groundball, 6D, EV 104.4 MPH)
Jimmy Beard to second
Batting: LHB Doug Park 0-0: Called Strike
0-1: Swinging Strike
0-2: Foul Ball, location: 2F
0-2: Ball
1-2: Foul Ball, location: 2F
1-2: Grounds into double play, U6-3 (Groundball, 4M, EV 85.6 MPH)
Jimmy Beard to third
Batting: RHB Chris Walker 0-0: Intentional Walk
Batting: RHB Bert Gray 0-0: Ball
1-0: SINGLE (Groundball, 34S, EV 85.6 MPH) (infield hit)
Jimmy Beard scores
Chris Walker to second
Batting: RHB Ed Brown 0-0: SINGLE (Flyball, 78S, EV 84.4 MPH)
Chris Walker to third
Bert Gray to second
Runner from 3rd tries for Home, SAFE, throw by CF to home
Pitching: LHP Mike Berry
Batting: RHB Luis De La Cruz 0-0: DOUBLE (Groundball, 5L, EV 108.8 MPH)
Bert Gray scores
Ed Brown to third
Batting: LHB António González 0-0: Ground out U3 (Groundball, 3, EV 76.9 MPH)
Bottom of the 6th over - 9 runs, 8 hits, 0 errors, 2 left on base; Sacramento 7 - Las Vegas 14
TOP OF THE 7TH
Sacramento River Cats batting - Pitching for Las Vegas Aviators : LHP Kevin Gibson
Now in RF: Caleb Banks
Batting: RHB Jim Unknown 0-0: Ball
1-0: Called Strike
1-1: Ball
2-1: Foul Ball, location: 5F
2-2: Foul Ball, location: 3F
2-2: Foul Ball, location: 7LSF
2-2: Foul Ball, location: 9LSF
2-2: Fly out, F7 (Flyball, 7LS, EV 76.9 MPH)
Pinch Hitting: LHB Jon Stone 0-0: Ball
1-0: Called Strike
1-1: Foul Ball, location: 5FF
1-2: Foul Ball, location: 3F
1-2: Foul Ball, location: 3FF
1-2: Ball
2-2: Foul Ball, location: 9LDF
2-2: SINGLE (Line Drive, 56D, EV 97.5 MPH)
Batting: RHB Dewitt Mathews 0-0: Ball
1-0: Ball
2-0: Ball
3-0: Base on Balls
Jon Stone to second
Batting: LHB Jesús Rivera 0-0: SINGLE (Line Drive, 9S, EV 100.0 MPH)
Jon Stone to third
Dewitt Mathews to second
Pinch Hitting: RHB Jim Ketteridge 0-0: Foul Ball, location: 3SF
0-1: SINGLE (Groundball, 6MD, EV 101.3 MPH) (infield hit)
Jon Stone scores
Dewitt Mathews to third
Jesús Rivera to second
Batting: RHB Gavino Giardina 0-0: Called Strike
0-1: Fly out, F7 (Flyball, 78M, EV 80.0 MPH)
Runner from 3rd tags up, SCORES, throw by LF
Batting: RHB José Simmons 0-0: Swinging Strike
0-1: Ball
1-1: Swinging Strike
1-2: Strikes out swinging
Top of the 7th over - 2 runs, 3 hits, 0 errors, 2 left on base; Sacramento 9 - Las Vegas 14
BOTTOM OF THE 7TH
Las Vegas Aviators batting - Pitching for Sacramento River Cats : LHP Mike Berry
Now at 3B: Jim Ketteridge
Now in CF: José Simmons
Now in RF: Jon Stone
Batting: LHB Dane Edgar 0-0: Ball
1-0: Ball
2-0: Called Strike
2-1: Ball
3-1: Foul Ball, location: 2F
3-2: Base on Balls
Batting: SHB Jimmy Beard 0-0: Ball
1-0: Fly out, F8 (Flyball, 8RXD, EV 108.8 MPH)
Batting: RHB Ernesto Peña 0-0: Called Strike
0-1: Foul Ball, location: 5F
0-2: Strikes out swinging
Batting: LHB Doug Park 0-0: Ball
1-0: Ball
Dane Edgar is caught stealing 2nd base 2-6
Bottom of the 7th over - 0 runs, 0 hits, 0 errors, 0 left on base; Sacramento 9 - Las Vegas 14
TOP OF THE 8TH
Sacramento River Cats batting - Pitching for Las Vegas Aviators : LHP Kevin Gibson
Batting: RHB Alfredo García 0-0: DOUBLE (Groundball, 5L, EV 110.0 MPH)
Batting: RHB Phil Jordan 0-0: Swinging Strike
0-1: Foul Ball, location: 9LMF
0-2: Strikes out looking
Pitching: RHP Josh Howard
Batting: RHB Kris Smith 0-0: Swinging Strike
0-1: Foul Ball, location: 3FF
0-2: Ball
1-2: Ball
2-2: Ball
3-2: Foul Ball, location: 2F
3-2: Strikes out swinging
Batting: LHB Jon Stone 0-0: Called Strike
0-1: Ball
1-1: Called Strike
1-2: Foul Ball, location: 2F
1-2: Ball
2-2: Foul Ball, location: 5SF
2-2: Ball
3-2: Base on Balls
Batting: RHB Dewitt Mathews 0-0: Ball
1-0: Called Strike
1-1: Swinging Strike
1-2: Ball
2-2: Ball
3-2: Foul Ball, location: 2F
3-2: Base on Balls
Alfredo García to third
Jon Stone to second
Batting: LHB Jesús Rivera 0-0: Ball
1-0: Foul Ball, location: 7LDF
1-1: Ball
2-1: Ball
3-1: Fly out, F7 (Flyball, 78M, EV 93.8 MPH)
Top of the 8th over - 0 runs, 1 hit, 0 errors, 3 left on base; Sacramento 9 - Las Vegas 14
BOTTOM OF THE 8TH
Las Vegas Aviators batting - Pitching for Sacramento River Cats : LHP Mike Berry
Batting: LHB Doug Park 0-0: Ball
1-0: Foul Ball, location: 2F
1-1: Ball
2-1: Ball
3-1: Base on Balls
Batting: RHB Chris Walker 0-0: Ball
1-0: Ball
2-0: Called Strike
2-1: Ball
3-1: Fly out, F7 (Flyball, 78M, EV 80.6 MPH)
Batting: RHB Bert Gray 0-0: Foul Ball, location: 23F
0-1: Foul Ball, location: 2F
0-2: Ball
1-2: Ball
2-2: Foul Ball, location: 2F
2-2: Foul Ball, location: 2F
2-2: Ball
3-2: Base on Balls
Doug Park to second
Batting: RHB Ed Brown 0-0: Ball
1-0: Swinging Strike
1-1: Fly out, F7 (Flyball, 78M, EV 94.4 MPH)
Batting: RHB Luis De La Cruz 0-0: Called Strike
0-1: Called Strike
0-2: Foul Ball, location: 2F
0-2: Ground out 1-3 (Groundball, 13, EV 70.0 MPH)
Bottom of the 8th over - 0 runs, 0 hits, 0 errors, 2 left on base; Sacramento 9 - Las Vegas 14
TOP OF THE 9TH
Sacramento River Cats batting - Pitching for Las Vegas Aviators : RHP Josh Howard
Batting: RHB Jim Ketteridge 0-0: Called Strike
0-1: Ball
1-1: Swinging Strike
1-2: Ball
2-2: Ground out 4-3 (Groundball, 4M, EV 103.8 MPH)
Batting: RHB Gavino Giardina 0-0: Ground out 6-3 (Groundball, 6M, EV 98.8 MPH)
Batting: RHB José Simmons 0-0: Ball
1-0: Ball
2-0: Fly out, F4 (Popup, 4M, EV 54.4 MPH)
Top of the 9th over - 0 runs, 0 hits, 0 errors, 0 left on base; Sacramento 9 - Las Vegas 14
Friday, May 3rd , 2024 - OOTP Baseball 24.10 Build 82